Map: Catalyst LE

Players

Archile - Winner!

  • Race: Terran Terran
  • League: Diamond
  • Spawn Location: 5:00

RiSE

  • Race: Protoss Protoss
  • League: Master
  • Spawn Location: 11:00

VOD

Have the link to the VOD?

Description

Time

  • Played on: Dec. 13, 2017, 5:11 p.m.
  • Length: 9:51
Show
View Real Time Build Order
Export as new Build Order

Archile Terran - Winner!

Build Orders:  

Get SALT Encoding   

  12  0:00  SCV  
  13  0:13  SCV  
  14  0:17  Supply Depot  
  14  0:25  SCV  
  15  0:31  Refinery  
  15  0:39  SCV  
  16  0:46  Barracks  
  16  0:51  SCV  
  17  1:03  SCV  
  18  1:15  SCV  
  19  1:28  SCV  
  20  1:39  Reaper  
  21  1:41  Orbital Command  
  21  1:53  Command Center  
  21  2:09  SCV  
  21  2:12  Barracks Reactor  
  22  2:18  Factory  
  22  2:23  SCV  
  22  2:26  Supply Depot  
  23  2:48  SCV  
  23  2:50  Marine x2  
  26  2:52  Refinery  
  26  3:00  SCV  
  26  3:05  Starport  
  27  3:08  Orbital Command  
  27  3:10  Marine x2  
  27  3:12  SCV  
  30  3:14  Bunker  
  30  3:21  Engineering Bay  
  30  3:26  SCV  
  31  3:37  Hellion x2  
  31  3:38  SCV  
  31  3:39  SCV  
  37  3:45  Medivac  
  37  3:48  Barracks Tech Lab  
  39  3:50  SCV  
  39  3:51  SCV  
  39  3:58  Hellion  
  39  4:02  SCV  
  40  4:11  Hellion  
  42  4:17  Missile Turret  
  42  4:19  Hellion  
  44  4:24  Terran Infantry Weapons Level 1  
  44  4:27  SCV x2  
  45  4:43  Viking  
  46  4:52  Missile Turret  
  46  5:02  Supply Depot  
  46  5:05  Stimpack  
  46  5:10  Supply Depot  
  46  5:11  Supply Depot  
  46  5:24  SCV x2, Marine  
  45  5:45  SCV x2  
  47  5:57  SCV  
  47  5:58  SCV, Marine  
  47  5:59  Hellion  
  47  6:00  Hellion  
  53  6:04  Barracks  
  53  6:05  Barracks  
  53  6:07  Factory  
  49  6:12  SCV x2  
  49  6:14  Starport Reactor  
  49  6:16  Marauder  
  51  6:29  SCV x2, Factory Reactor  
  53  6:34  Supply Depot  
  53  6:35  Terran Infantry Armor Level 1  
  53  6:40  Armory  
  53  6:42  SCV x2  
  53  6:45  Marauder  
  53  6:46  Refinery  
  57  6:52  Factory Tech Lab  
  57  6:53  Barracks Tech Lab  
  57  7:00  SCV x2  
  59  7:05  Refinery  
  59  7:07  Supply Depot  
  63  7:08  Hellion x2  
  63  7:10  Marine x2  
  63  7:12  Marauder  
  63  7:13  Marauder  
  63  7:14  Hellion  
  71  7:28  Marine  
  71  7:29  Medivac x2  
  74  7:31  Hellion x2  
  74  7:36  Concussive Shells  
  78  7:49  Marine x2  
  78  7:50  Marauder x2  
  84  7:51  Infernal Pre-Igniter  
  84  7:58  Hellbat  
  86  8:03  Supply Depot  
  68  8:22  Marine  
  68  8:23  Marauder x2, Marine  
  68  8:26  Medivac  
  68  8:27  Medivac  
  72  8:28  Hellion  
  72  8:36  Hellion  
  72  8:37  Hellion  
  72  8:40  Marine x2  
  78  8:45  Marauder  
  78  8:49  Hellion  
  78  8:59  Hellbat x2  
  78  9:00  Medivac x2  
  86  9:09  Marine  
  86  9:10  Marauder, Marine, Hellbat  
  86  9:11  Marauder  
  90  9:32  Marine x2  
Show
View Real Time Build Order
Export as new Build Order

RiSE Protoss 

Build Orders: 1 Gate Expand, Oracle Opening 

Get SALT Encoding   

  12  0:00  Probe  
  13  0:12  Probe  
  14  0:18  Pylon  
  14  0:24  Probe  
  15  0:37  Probe (Chrono Boost)  
  15  0:38  Gateway  
  16  0:48  Probe (Chrono Boost)  
  17  0:50  Assimilator  
  17  0:52  Probe  
  18  1:04  Probe  
  19  1:23  Nexus  
  19  1:33  Cybernetics Core  
  19  1:50  Pylon  
  19  1:57  Assimilator  
  19  2:00  Pylon  
  19  2:10  Stalker  
  19  2:11  Shield Battery  
  19  2:13  Probe (Chrono Boost)  
  23  2:23  Probe (Chrono Boost)  
  23  2:33  Stargate  
  23  2:38  Probe (Chrono Boost)  
  23  2:41  Probe (Chrono Boost)  
  27  2:51  Probe x2 (Chrono Boost)  
  27  2:54  Pylon  
  27  2:56  Probe  
  28  3:03  Probe  
  28  3:09  Probe  
  29  3:15  Probe  
  29  3:16  Oracle (Chrono Boost)  
  33  3:23  Probe  
  34  3:27  Probe  
  34  3:29  Warp Gate  
  35  3:35  Probe  
  35  3:36  Gateway  
  35  3:39  Probe  
  37  3:47  Probe  
  41  3:49  Oracle (Chrono Boost)  
  41  3:51  Probe  
  42  3:59  Probe  
  43  4:03  Probe (Chrono Boost)  
  44  4:15  Probe (Chrono Boost)  
  46  4:18  Assimilator  
  46  4:20  Probe (Chrono Boost), Assimilator  
  46  4:21  Gateway  
  46  4:25  Robotics Facility  
  46  4:28  Pylon  
  46  4:29  Phoenix  
  49  4:31  Probe  
  49  4:53  Probe (Chrono Boost), Pylon  
  49  4:57  Twilight Council  
  51  5:00  Gateway  
  51  5:03  Probe (Chrono Boost), Gateway  
  51  5:06  Probe x2  
  53  5:08  Pylon  
  53  5:12  Observer  
  54  5:18  Probe, Pylon  
  55  5:38  Stalker x3  
  55  5:42  Probe (Chrono Boost)  
  53  5:44  Probe (Chrono Boost)  
  53  5:54  Probe (Chrono Boost)  
  54  5:58  Observer  
  54  6:03  Probe x2 (Chrono Boost)  
  56  6:07  Probe (Chrono Boost), Stalker x3  
  63  6:18  Probe (Chrono Boost)  
  63  6:19  Probe (Chrono Boost)  
  63  6:21  Probe x2 (Chrono Boost)  
  65  6:28  Immortal (Chrono Boost)  
  69  6:33  Probe (Chrono Boost)  
  69  6:38  Zealot x2  
  69  6:39  Zealot  
  78  6:42  Probe x2 (Chrono Boost)  
  78  6:45  Probe  
  79  6:47  Probe  
  79  6:51  Charge  
  80  6:57  Probe  
  80  7:00  Warp Prism (Chrono Boost)  
  83  7:03  Stalker  
  83  7:04  Stalker x2  
  89  7:14  Probe  
  89  7:15  Void Ray (Chrono Boost)  
  91  7:24  Probe  
  92  7:31  Pylon x2  
  92  7:40  Pylon  
  92  7:55  Stalker x5  
  67  8:28  Stalker x3  
  67  8:29  Stalker x2  
  65  8:52  Nexus  
  65  8:54  Immortal (Chrono Boost)  
  59  8:56  Void Ray  
  63  9:05  Stalker  
  63  9:06  Stalker  
  67  9:11  Zealot x3  
  77  9:31  Zealot  
  77  9:32  Stalker  
  72  9:39  Stalker x3  
Tags
 
Add a new tag
Caveats
  • Supply blocks, unpowered buildings, or Contaminate may cause inaccurate times.
  • Supply counts are checked every 10 seconds.